 Dungeon Crawl Stone Soup version 0.31-a0-1207-g4ab8c38 (webtiles) character file.

Game seed: 703350380450638443

1393087 mightyno9 the Sorcerer (level 26, 222/222 HPs)
             Began as a Mummy Artificer on Dec 9, 2023.
             Was a High Priest of Ashenzari.
             Escaped with the Orb
             ... and 3 runes on Dec 13, 2023!
             The game lasted 05:32:39 (105572 turns).

mightyno9 the Sorcerer (Mummy Artificer)          Turns: 105572, Time: 05:32:39

Health: 222/222    AC: 35    Str: 18 (19) XL:     26   Next: 46%
Magic:  63/63      EV: 13    Int: 19      God:    Ashenzari [*****.]
Gold:   5339       SH: 17    Dex: 20      Spells: 21/79 levels left

rFire   + + .        J - +9 demon trident (vamp)
rCold   + . .        w - +2 kite shield "Bound With Me" {Self, Elem} (curse)
rNeg    + + +        c - +6 fire dragon scales of Ashenzari's Sorrow {rF++ rC-, Self, Elem} (curse)
rPois   ∞            F - +2 helmet of Supernal Gnosis {^Drain Str+6, Alch, Fort} (curse)
rElec   +            m - +2 cloak of the Clairvoyant Oracle {Fort, Alch} (curse)
rCorr   +            v - +2 pair of gloves "Sublime Visionary" {rC+ MP+9 Dex+3 SInv, Fort, Elem} (curse)
SInv    +            T - +2 pair of boots "Ruined With Me" {Fly, Self, Dev} (curse)
Will    ++++.        S - amulet "Sybil of Ashenzari" {RegenMP, Range, Comp} (curse)
Stlth   +            r - ring of Ashenzari's Gloom {rElec rCorr Str-4 Dex+3 Slay+4, Range, Fort} (curse)
HPRegen 0.57/turn    p - ring "Jealousy of Ashenzari" {rF+ Will+, Fort, Self} (curse)
MPRegen 0.78/turn

%: clarity, faith
@: flying
A: cold resistance 1, negative energy resistance 3, torment resistance 2, heat
vulnerability 1, in touch with death 2, no potions, faith
0: Orb of Zot
}: 3/15 runes: serpentine, barnacled, slimy
a: Renounce Religion, Curse Item, Shatter the Chains


You escaped.
You worshipped Ashenzari.
Ashenzari was extremely pleased with you.
You visited 12 branches of the dungeon, and saw 55 of its levels.
You also visited: Gauntlet and Ice Cave.

You collected 7941 gold pieces.
You spent 2602 gold pieces at shops.

Inventory:

Hand Weapons
 J - a +9 vampiric demon trident (weapon)
 V - the +9 mace "Waog" {heavy, Will+}
   (You took it off a minotaur in a Gauntlet)

   Will+:     It increases your willpower.
Missiles
 i - 21 javelins
 y - 11 curare-tipped darts
 A - 42 boomerangs
 C - 9 throwing nets
 W - 11 silver javelins
Armour
 c - the cursed +6 fire dragon scales of Ashenzari's Sorrow (worn) {rF++ rC-, Self, Elem}
   (You found it on level 15 of the Dungeon)

   rF++:      It greatly protects you from fire.
   rC-:       It makes you vulnerable to cold.
   It has a curse which improves the following skills: Introspection: Fighting
   and Spellcasting.
   Elements:  Fire Magic, Ice Magic, Air Magic and Earth Magic.
 m - the cursed +2 cloak of the Clairvoyant Oracle (worn) {Fort, Alch}
   (You took it off a white draconian in an ice cave)

   It has a curse which improves the following skills: Fortitude: Armour and
   Shields.
   Alchemy:   Poison Magic and Transmutations.
 s - a +2 cloak of preservation
 v - the cursed +2 pair of gloves "Sublime Visionary" (worn) {rC+ MP+9 Dex+3 SInv, Fort, Elem}
   (You acquired it on level 9 of the Dungeon)

   Dex+3:     It affects your dexterity (+3).
   rC+:       It protects you from cold.
   MP+9:      It affects your magic capacity (+9).
   SInv:      It lets you see invisible.
   It has a curse which improves the following skills: Fortitude: Armour and
   Shields.
   Elements:  Fire Magic, Ice Magic, Air Magic and Earth Magic.
 w - the cursed +2 kite shield "Bound With Me" (worn) {Self, Elem}
   (You found it on level 1 of the Vaults)

   It has a curse which improves the following skills: Introspection: Fighting
   and Spellcasting.
   Elements:  Fire Magic, Ice Magic, Air Magic and Earth Magic.
 F - the cursed +2 helmet of Supernal Gnosis (worn) {^Drain Str+6, Alch, Fort}
   (You found it on level 3 of the Elven Halls)

   Str+6:     It affects your strength (+6).
   ^Drain:    It drains your maximum health when unequipped.
   It has a curse which improves the following skills: Alchemy: Poison Magic and
   Transmutations.
   Fortitude: Armour and Shields.
 N - the +5 chain mail of Pan-Flutes {rF+ Will+ Int+5 SInv}
   (You took it off a deep elf blademaster on level 3 of the Elven Halls)

   Int+5:     It affects your intelligence (+5).
   rF+:       It protects you from fire.
   Will+:     It increases your willpower.
   SInv:      It lets you see invisible.
 T - the cursed +2 pair of boots "Ruined With Me" (worn) {Fly, Self, Dev}
   (You found it in a Gauntlet)

   It has a curse which improves the following skills: Introspection: Fighting
   and Spellcasting.
   Devices:   Evocations.
Magical Staves
 U - a staff of fire
Jewellery
 g - the ring "Ratae" {Will+ Str+6 Slay+4}
   (You took it off a deep elf zephyrmancer on level 3 of the Elven Halls)

   [ring of strength]

   Str+6:     It affects your strength (+6).
   Slay+4:    It affects your accuracy & damage with ranged weapons and melee
   (+4).
   Will+:     It increases your willpower.
 p - the cursed ring "Jealousy of Ashenzari" (right hand) {rF+ Will+, Fort, Self}
   (You found it on level 5 of the Pits of Slime)

   [ring of willpower]

   rF+:       It protects you from fire.
   Will+:     It increases your willpower.
   It has a curse which improves the following skills: Fortitude: Armour and
   Shields.
   Introspection: Fighting and Spellcasting.
 q - an amulet of regeneration
 r - the cursed ring of Ashenzari's Gloom (left hand) {rElec rCorr Str-4 Dex+3 Slay+4, Range, Fort}
   (You found it on level 3 of the Crypt)

   [ring of slaying]

   Str-4:     It affects your strength (-4).
   Dex+3:     It affects your dexterity (+3).
   Slay+4:    It affects your accuracy & damage with ranged weapons and melee
   (+4).
   rElec:     It insulates you from electricity.
   rCorr:     It protects you from acid and corrosion.
   It has a curse which improves the following skills: Ranged Combat: Ranged
   Weapons and Throwing.
   Fortitude: Armour and Shields.
 H - the ring "Ramir" {Fly rElec rN+ MP-9 Int+5}
   (You bought it in a shop on level 1 of the Orcish Mines)

   [ring of flight]

   Int+5:     It affects your intelligence (+5).
   rElec:     It insulates you from electricity.
   rN+:       It protects you from negative energy.
   MP-9:      It affects your magic capacity (-9).
   Fly:       It grants you flight.
 K - a ring of wizardry
 R - a +6 ring of intelligence
 S - the cursed amulet "Sybil of Ashenzari" (around neck) {RegenMP, Range, Comp}
   (You found it on level 13 of the Dungeon)

   [amulet of magic regeneration]

   RegenMP:   It increases your rate of magic regeneration.
   It has a curse which improves the following skills: Ranged Combat: Ranged
   Weapons and Throwing.
   Companions: Summonings and Necromancy.
Wands
 a - a wand of digging (5)
 d - a wand of charming (88)
 f - a wand of light (18)
 h - a wand of flame (59)
 z - a wand of roots (40)
 B - a wand of polymorph (22)
 I - a wand of mindburst (23)
Scrolls
 b - 11 scrolls of noise
 e - a scroll of torment
 j - 4 scrolls of blinking
 k - 9 scrolls of fog
 l - 5 scrolls of butterflies
 n - 11 scrolls of amnesia
 o - 4 scrolls of brand weapon
 x - 8 scrolls of poison
 D - 5 scrolls of fear
 E - a scroll of revelation
 G - 21 scrolls of teleportation
 P - 2 scrolls of silence
 Q - 10 scrolls of vulnerability
 X - 6 scrolls of immolation
Miscellaneous
 M - a condenser vane
 Y - a phantom mirror
 Z - a sack of spiders


   Skills:
 - Level 16.1(21.0) Fighting
 - Level 14.0 Polearms
 + Level 19.6(22.4) Throwing
 - Level 11.4(17.2) Armour
 - Level 6.9 Dodging
 - Level 5.3 Stealth
 - Level 11.4(17.2) Shields
 - Level 23.7(27) Spellcasting
 - Level 8.0 Conjurations
 - Level 4.2 Hexes
 - Level 8.3(10.5) Necromancy
 - Level 4.0 Translocations
 - Level 8.0(11.2) Transmutations
 - Level 14.0(18.1) Ice Magic
 - Level 8.0(12.1) Air Magic
 - Level 5.5(9.5) Earth Magic
 - Level 6.0(9.1) Poison Magic
 - Level 7.1(9.3) Evocations


You had 21 spell levels left.
You knew the following spells:

 Your Spells              Type           Power      Damage    Failure   Level
a - Shock                 Conj/Air       100%       1d9       1%          1
b - Airstrike             Air            32%        2d(5-21)  1%          4
c - Swiftness             Air            64%        N/A       1%          3
d - Vampiric Draining     Necr           99%        2d13      1%          3
e - Fulminant Prism       Conj/Hex       24%        3d12      3%          4
f - Ozocubu's Refrigerat  Ice            38%        4d15      2%          7
g - Olgreb's Toxic Radia  Pois           57%        N/A       1%          4
h - Iskenderun's Mystic   Conj/Tloc      48%        2d11      4%          4
i - Blink                 Tloc           80%        N/A       1%          2
j - Borgnjor's Vile Clut  Necr/Erth      48%        N/A       2%          5
k - Irradiate             Conj/Tmut      29%        3d21      2%          5
l - Yara's Violent Unrav  Hex/Tmut       26%        3d11      5%          5
m - Dispel Undead         Necr           99%        3d31      1%          4
n - Lee's Rapid Deconstr  Erth           29%        3d15*     2%          5
o - Passwall              Tmut/Erth      50%        N/A       1%          2

Your spell library contained the following spells:

 Spells                   Type           Power      Damage    Failure   Level
 Ozocubu's Armour         Ice            76%        N/A       0%          3
 Apportation              Tloc           80%        N/A       1%          1
 Foxfire                  Conj/Fire      100%       2x1d9     1%          1
 Kiss of Death            Conj/Necr      100%       2d13      1%          1
 Magic Dart               Conj           100%       1d8       1%          1
 Necrotise                Necr           100%       1d9       1%          1
 Slow                     Hex            100%       N/A       1%          1
 Sting                    Tmut/Pois      100%       1d8       1%          1
 Cigotuvi's Dreadful Rot  Necr/Pois/Air  100%       N/A       1%          2
 Ensorcelled Hibernation  Hex/Ice        100%       N/A       1%          2
 Jinxbite                 Hex            82%        N/A       1%          2
 Poisonous Vapours        Pois/Air       100%       N/A       1%          2
 Searing Ray              Conj           100%       2d8       1%          2
 Dazzling Flash           Conj/Hex       96%        N/A       1%          3
 Ignite Poison            Fire/Tmut/Pois 51%        N/A       1%          3
 Mephitic Cloud           Conj/Pois/Air  58%        N/A       1%          3
 Stone Arrow              Conj/Erth      100%       3d13      1%          3
 Summon Ice Beast         Ice/Summ       57%        N/A       1%          4
 Vhi's Electric Charge    Tloc/Air       100%       N/A       1%          4
 Agony                    Necr           99%        N/A       1%          5
 Alistair's Intoxication  Tmut/Pois      39%        N/A       1%          5
 Arcjolt                  Conj/Air       29%        1d39      1%          5
 Freezing Cloud           Conj/Ice/Air   32%        6-21      1%          5
 Confusing Touch          Hex            41%        N/A       2%          3
 Gell's Gravitas          Tloc           40%        N/A       2%          3
 Sigil of Binding         Hex            41%        N/A       2%          3
 Teleport Other           Tloc           40%        N/A       2%          3
 Tukima's Dance           Hex            41%        N/A       2%          3
 Anguish                  Hex/Necr       44%        N/A       2%          4
 Leda's Liquefaction      Hex/Erth       25%        N/A       2%          4
 Summon Lightning Spire   Summ/Air       49%        N/A       3%          4
 Iskenderun's Battlesphe  Conj           54%        2d10      4%          5
 Silence                  Hex/Air        27%        N/A       4%          5
 Scorch                   Fire           54%        2d7       5%          2
 Inner Flame              Hex/Fire       34%        N/A       5%          3
 Volatile Blastmotes      Fire/Tloc      68%        2d15      5%          3
 Call Imp                 Summ           52%        N/A       6%          2
 Animate Armour           Summ/Erth      88%        N/A       6%          4
 Dimensional Bullseye     Hex/Tloc       20%        N/A       9%          4
 Flame Wave               Conj/Fire      41%        2d11      9%          4
 Manifold Assault         Tloc           40%        N/A       9%          4
 Passage of Golubria      Tloc           40%        N/A       9%          4
 Sticky Flame             Conj/Fire      41%        2d6       9%          4
 Death Channel            Necr           49%        N/A       10%         6
 Eringya's Noxious Bog    Tmut/Pois      29%        4d6       11%         6
 Call Canine Familiar     Summ           26%        N/A       13%         3
 Bombard                  Conj/Erth      28%        9d5       21%         6
 Summon Mana Viper        Hex/Summ       34%        N/A       45%         5
 Plasma Beam              Fire/Air       24%        2x1d36    47%         6
 Dispersal                Tloc           20%        N/A       80%         6
 Haunt                    Necr/Summ      40%        N/A       99%         7
 Summon Cactus Giant      Summ           13%        N/A       100%        6
 Enfeeble                 Hex            20%        N/A       100%        7
 Monstrous Menagerie      Summ           13%        N/A       100%        7
 Spellforged Servitor     Conj/Summ      20%        N/A       100%        7
 Summon Hydra             Summ           13%        N/A       100%        7
 Ignition                 Fire           13%        3d6       100%        8
 Lehudib's Crystal Spear  Conj/Erth      28%        10d7      100%        8
 Sublimation of Blood     Necr           Unusable   N/A       N/A         2
 Wereblood                Tmut           Unusable   N/A       N/A         2
 Borgnjor's Revivificati  Necr           Unusable   N/A       N/A         8
 Death's Door             Necr           Unusable   N/A       N/A         9

Dungeon Overview and Level Annotations

Branches:
Dungeon (15/15)            Temple (1/1) D:5            Lair (5/5) D:10
 Shoals (4/4) Lair:3        Snake (4/4) Lair:2        Slime (5/5) Lair:4
    Orc (2/2) D:9             Elf (3/3) Orc:2        Vaults (4/5) D:14
  Crypt (3/3) Vaults:2       Tomb (0/3) Crypt:3      Depths (4/4) D:15
    Zot (5/5) Depths:4      IceCv (visited)         Gauntlet (visited)

Altars:
Ashenzari
Cheibriados
Dithmenos
Fedhas
Gozag
Hepliaklqana
Kikubaaqudgha
Makhleb
Nemelex Xobeh
Okawaru
Qazlal
Ru
Sif Muna
Trog
Uskayaw
Vehumet
Wu Jian
Xom
Yredelemnul
Jiyva
Lugonu

Shops:
D:4 [   Orc:1 =(*=(=   Orc:2 (([:   Elf:1 (   Elf:3 ?   Shoals:1 :   Snake:1 [
Vaults:2 :(:   Zot:1 *   Depths:2 (!

Portals:
Hell: Depths:1 Depths:2 Depths:3 Depths:4
Abyss: Depths:2 Depths:3
Pandemonium: Depths:1 Depths:2 Depths:3
Ziggurat: Depths:3
Trove: Vaults:2 (show slimy rune of Zot)

Annotations:
Elf:2 3 runed translucent doors


Innate Abilities, Weirdness & Mutations

You are immune to poison.
Your flesh is cold resistant. (rC+)
You are immune to negative energy. (rN+++)
You are immune to unholy pain and torment.
You are vulnerable to heat. (rF-)
You are strongly in touch with the powers of death.
You do not drink.
You have a special connection with the divine. (Faith)


Message History

You swap places.
The angel barely misses your butterfly. x2
The angel hits your butterfly with a +1 whip of holy wrath!
Your butterfly dies!
Your butterfly disappears in a burst of colours!
You swap places.
The angel hits your butterfly with a +1 whip of holy wrath!!
Your butterfly dies!
Your butterfly disappears in a burst of colours!
The angel hits your butterfly with a +1 whip of holy wrath!!
Your butterfly dies!
Your butterfly disappears in a burst of colours!
Something hits your butterfly!!!! Something burns your butterfly.
Your butterfly dies!
Your butterfly disappears in a burst of colours!
Unknown command.
You swap places.
Something barely misses your butterfly. Something hits your butterfly!
Something burns your butterfly.
Your butterfly dies!
Your butterfly disappears in a burst of colours!
There is a stone staircase leading up here.
You fly upwards.
A Legg and a neqoxec come into view.
There is a stone staircase leading down here.
Blink to where?
Press: ? - help, Dir - move target
As you read the scroll of blinking, it crumbles to dust.
Legg moves out of view.
The neqoxec moves out of view.
There is an open door here.
Blink to where?
Press: ? - help, Dir - move target
As you read the scroll of blinking, it crumbles to dust.
Aiming: Dig
Press: ? - help, Shift-Dir - straight line A rock wall.
This square is covered in magical glow.
The rock shatters into small pieces.
Unknown command.
There is an open door here.
There is a staircase leading out of the dungeon here.
You have escaped!

#.#....>......# #.#.####.####..
#.#######.....# #........####.#
..# #.....# #.##........... ###
#.....## ##.#####..#..†.. #
######.###..#####..#.##.. #
##..............##.. #
############'##############..
#####.......................##...
...#............@............##..
...#.....#####......####.....##..
...#....##...##...##...##....##..
...#...##..8..##'##..8..##...##..
...#..##.................##..#...
...#.##...................##.##.#
.....#######.......#.............
..........##>#...#.#.#.#.#.#.....
...#.#.#####.....#.#.#.#...!.....


There were no monsters in sight!

Vanquished Creatures
  the Royal Jelly (Slime:5)
  A dread lich (Zot:5)
  2 ancient liches (Crypt:3)
  2 orbs of fire (Zot:5)
  Mara (Vaults:4)
  Margery (Depths:4)
  8 Killer Klowns (Zot:5)
  Vashnia (Snake:2)
  Xtahua (Depths:3)
  3 curse toes
  Nikola (Snake:4)
  8 golden dragons
  the Enchantress (Depths:2)
  A bone dragon (Crypt:3)
  Norris (Vaults:1)
  A Brimstone Fiend (Zot:5)
  2 electric golems
  Jorgrun (Shoals:3)
  17 tentacled monstrosities
  Rupert (D:14)
  23 Orb Guardians
  Mlioglotl (Snake:2)
  A walking earthen tome (Depths:3)
  7 liches
  28 acid blobs
  2 deep elf blademasters (Elf:3)
  A deep elf master archer (Elf:3)
  13 quicksilver dragons
  3 sphinxes
  A walking frostbound tome (Depths:3)
  Agnes (D:15)
  An Executioner (Zot:3)
  11 death cobs
  11 ancient champions
  5 tengu reavers
  6 storm dragons
  Aizul (Snake:1)
  Donald (Vaults:1)
  3 rockslimes
  5 draconian monks
  10 azure jellies
  8 nagarajas
  4 revenants
  8 shadow dragons
  Roxanne (D:15)
  7 fire giants
  6 draconian knights
  8 vault wardens
  Louise (D:14)
  A balrug (Depths:1)
  A caustic shrike zombie (Crypt:2)
  8 frost giants
  3 draconian scorchers
  8 deep elf sorcerers (Elf:3)
  6 deep elf elementalists
  3 orc warlords
  5 spriggan defenders
  A curse skull (Crypt:3)
  A reaper (Crypt:3)
  A draconian stormcaller (Zot:1)
  An angel (Shoals:3)
  9 draconian annihilators
  8 draconian shifters
  3 ghost moths
  10 vampire knights
  10 formless jellyfish
  5 quicksilver oozes
  4 ghouls
  15 very ugly things
  13 ironbound preservers
  8 ironbound thunderhulks
  7 stone giants
  9 green draconians
  7 black draconians
  6 deep elf demonologists
  11 white draconians
  8 deep elf annihilators
  23 yellow draconians
  Azrael (D:15)
  15 red draconians
  7 dire elephants
  A minotaur (Gauntlet)
  2 spark wasps
  7 eidola
  4 purple draconians
  2 pale draconians (Depths:4)
  2 merfolk javelineers (Shoals:4)
  Snorg (D:14)
  6 fire dragons
  6 ettins
  15 merfolk impalers
  16 jiangshi
  10 yaktaur captains
  A mummy priest (Crypt:3)
  3 deep elf high priests
  11 deep elf death magi
  9 ice dragons
  2 entropy weavers
  4 vault guards
  10 hydras
  A rakshasa (D:14)
  A peacekeeper (Vaults:3)
  8 great orbs of eyes
  3 spriggan air magi
  6 merfolk avatars
  A spriggan skeleton (Crypt:3)
  3 ogre magi
  24 centaur warriors
  2 hell beasts (Depths:1)
  An alligator snapping turtle (Shoals:3)
  A catoblepas (Lair:4)
  4 merfolk aquamancers
  11 ironbound frosthearts
  A two-headed ogre (shapeshifter) (Elf:3)
  11 anacondas
  5 boulder beetles
  22 death yaks
  10 two-headed ogres
  A satyr (Shoals:3)
  14 naga warriors
  11 deep troll shamans
  A sphinx skeleton (Crypt:1)
  A spectral dire elephant (Lair:5)
  8 vampire magi
  6 deep troll earth magi
  A holy swine (Shoals:4)
  2 hell hogs
  2 occultists (Depths:1)
  15 dancing weapons
  6 tengu warriors
  A titan zombie (Crypt:2)
  A storm dragon zombie (D:15)
  A sun demon (Depths:3)
  26 naga sharpshooters
  3 orc high priests
  Sonja (Lair:5)
  9 skysharks
  6 hell knights
  10 shock serpents
  5 soul eaters
  5 deep elf knights
  Nergalle (Lair:3)
  26 skeletal warriors
  2 sixfirhies
  A spectral spark wasp (Depths:1)
  5 iron trolls
  3 salamander mystics
  A spark wasp zombie (D:15)
  2 cherubim (Shoals:4)
  4 shadow wraiths
  A bog body (Crypt:3)
  A spectral anaconda (Lair:5)
  A quicksilver dragon simulacrum (Depths:1)
  4 glowing orange brains
  8 large abominations (Depths:2)
  27 deep trolls
  A sea snake (shapeshifter) (Vaults:3)
  5 naga ritualists
  An obsidian statue (Lair:5)
  An iron giant zombie (Crypt:2)
  6 flayed ghosts
  6 deep elf archers
  A steelbarb worm (shapeshifter) (Depths:3)
  8 orc knights
  11 sea snakes
  11 ironbound convokers
  An orange crystal statue (IceCv)
  Pikel (D:6)
  5 necromancers
  9 arcanists
  An anaconda skeleton (Crypt:3)
  A golden dragon skeleton (Crypt:3)
  9 lindwurms
  47 harpies
  17 deep elf zephyrmancers
  6 oklob plants
  9 phantasmal warriors
  18 deep elf pyromancers
  11 manticores
  8 orc sorcerers
  4 fauns (Shoals:2)
  3 eleionoma zombies
  50 ugly things
  5 mana vipers
  9 cyclopes
  2 shining eyes (Slime:5)
  22 vault sentinels
  24 moths of wrath
  20 salamanders
  5 kobold blastminers (Orc:1)
  4 merfolk sirens
  18 naga magi
  15 elephants
  10 guardian serpents
  A stone giant skeleton (Crypt:3)
  4 water nymphs
  24 black mambas
  2 smoke demons
  A dire elephant zombie (Lair:5)
  A black draconian zombie (Crypt:2)
  13 cane toads
  2 eyes of devastation (Slime:2)
  2 dire elephant skeletons (Lair:5)
  2 hellions
  22 yaktaurs
  An efreet (Zot:4)
  4 unseen horrors
  4 storm dragon simulacra (IceCv)
  A death yak zombie (Crypt:2)
  17 komodo dragons
  An alligator snapping turtle skeleton (Crypt:3)
  A kobold demonologist (D:11)
  A steelbarb worm zombie (Crypt:2)
  An orb spider zombie (Crypt:1)
  3 rime drakes
  6 golden dragon simulacra (IceCv)
  2 tormentors
  21 merfolk
  6 guardian mummies (Crypt:3)
  7 trolls
  8 polar bears
  3 meliai (D:14)
  A tarantella (shapeshifter) (Depths:3)
  10 wind drakes
  3 hornets (Gauntlet)
  A hydra skeleton (Crypt:2)
  16 dream sheep
  A jumping spider zombie (Crypt:1)
  A spectral elephant (Lair:5)
  A boulder beetle zombie (Crypt:1)
  3 glass eyes
  2 harpy skeletons
  25 blink frogs
  15 snapping turtles
  4 air elementals
  2 centaur simulacra (D:15)
  15 flying skulls
  75 slime creatures
  14 water elementals
  A guardian serpent skeleton (Crypt:1)
  2 spriggans
  2 vampires
  A spriggan (shapeshifter) (Elf:2)
  2 shadows
  4 wyverns
  12 wraiths
  85 yaks
  A satyr skeleton (Crypt:1)
  A slime creature zombie (Crypt:3)
  5 basilisks
  4 steam dragons
  24 fire elementals
  A hog (shapeshifter) (D:15)
  3 redbacks (Vaults:2)
  11 golden eyes (Slime:1)
  15 vampire mosquitoes
  A chaos spawn (Depths:2)
  Menkaure (D:6)
  56 nagas
  3 spectral cane toads (Lair:5)
  2 wargs (Orc:2)
  3 acid dragons (Depths:4)
  A glowing shapeshifter skeleton (Crypt:2)
  A merfolk skeleton (Crypt:2)
  Duvessa (D:5)
  A meliai simulacrum (D:15)
  21 water moccasins
  21 orc warriors
  A sky beast (shapeshifter) (D:14)
  3 sky beasts
  5 black bears
  An elephant zombie (Lair:5)
  An ice beast (D:15)
  6 ice dragon simulacra (IceCv)
  7 ogres
  18 wolves
  A boggart (Vaults:1)
  4 small abominations (Depths:2)
  2 centaurs
  An elephant skeleton (Crypt:3)
  A lemure (D:6)
  2 phantoms
  A yaktaur zombie (Crypt:2)
  9 bullfrogs
  A necrophage (Crypt:2)
  3 earth elementals
  A cane toad simulacrum (Lair:5)
  Dowan (D:5)
  A warg skeleton (Crypt:3)
  A yak skeleton (Crypt:2)
  2 elephant simulacra (Lair:5)
  14 killer bees
  4 lindwurm simulacra (IceCv)
  5 howler monkeys
  4 crimson imps (D:10)
  29 orc priests
  21 jellies
  3 gnoll boudas
  A hound (D:6)
  A sleepcap (D:6)
  2 iguanas
  47 orc wizards
  An acid dragon zombie (Crypt:1)
  An ogre skeleton (Crypt:3)
  A crocodile skeleton (Crypt:1)
  A naga skeleton (Crypt:3)
  16 gnolls
  12 adders
  A shadow imp (D:8)
  6 white imps
  8 ufetubi
  A lava snake zombie (Crypt:2)
  2 worms (D:4)
  2 dart slugs
  73 orcs
  9 ball pythons
  13 endoplasms
  4 giant cockroaches
  10 goblins
  6 hobgoblins
  8 jackals
  3 quokkas
  A bat (D:2)
  An endoplasm zombie (Crypt:3)
  A frilled lizard (D:1)
  A giant cockroach zombie (Crypt:3)
  8 kobolds
  2 rats
2318 creatures vanquished.

Vanquished Creatures (collateral kills)
  Mennas (Depths:4)
  Zenata (Crypt:3)
  An ironbound preserver (Vaults:1)
  A fire elemental (D:15)
  A hell hound (D:15)
5 creatures vanquished.

Vanquished Creatures (others)
  Asterion (Vaults:1)
  A storm dragon (Zot:4)
  A draconian knight (Zot:1)
  A draconian annihilator (Depths:4)
  A war gargoyle (Vaults:1)
  An occultist (D:15)
  A naga mage (Snake:4)
  A small abomination (Zot:3)
  A bullfrog (D:8)
  A lindwurm simulacrum (IceCv)
  17 fulminant prisms
  A spectral weapon (Vaults:1)
28 creatures vanquished.

Grand Total: 2351 creatures vanquished

Notes
Turn   | Place    | Note
-------+----------+-------------------------------------------
     0 | D:1      | mightyno9 the Mummy Artificer began the quest for the Orb.
     0 | D:1      | Reached XP level 1. HP: 15/15 MP: 1/1
   306 | D:1      | Reached XP level 2. HP: 22/22 MP: 2/2
   941 | D:2      | Reached XP level 3. HP: 25/29 MP: 3/3
  1190 | D:2      | Reached XP level 4. HP: 33/37 MP: 4/4
  2814 | D:3      | Reached skill level 2 in Spellcasting
  2814 | D:3      | Reached XP level 5. HP: 42/42 MP: 5/8
  2826 | D:3      | Learned a level 1 spell: Shock
  2920 | D:4      | Found an ornate altar of the Wu Jian Council.
  2926 | D:4      | Found a radiant altar of Vehumet.
  2931 | D:4      | Found an ancient bone altar of Kikubaaqudgha.
  3153 | D:4      | Learned a level 4 spell: Airstrike
  3282 | D:4      | Found Luicuor's Antique Armour Boutique.
  3335 | D:4      | Reached skill level 1 in Air Magic
  3636 | D:4      | Reached skill level 3 in Spellcasting
  3992 | D:4      | Noticed a phantom
  4049 | D:4      | Killed a phantom
  4050 | D:4      | Reached XP level 6. HP: 28/48 MP: 11/11
  4174 | D:4      | Reached skill level 4 in Spellcasting
  4581 | D:5      | Entered Level 5 of the Dungeon
  4980 | D:5      | Reached skill level 5 in Spellcasting
  4980 | D:5      | Reached XP level 7. HP: 35/54 MP: 6/14
  5092 | D:5      | Found a burning altar of Makhleb.
  5264 | D:5      | Noticed Duvessa
  5264 | D:5      | Noticed Dowan
  5287 | D:5      | Killed Duvessa
  5290 | D:5      | Killed Dowan
  5482 | D:5      | Found a staircase to the Ecumenical Temple.
  5500 | Temple   | Entered the Ecumenical Temple
  5956 | D:5      | Reached skill level 6 in Spellcasting
  5962 | D:5      | Learned a level 3 spell: Swiftness
  6413 | D:6      | Noticed Menkaure
  6421 | D:6      | Killed Menkaure
  6554 | D:6      | Reached XP level 8. HP: 60/60 MP: 1/18
  7062 | D:6      | Reached skill level 7 in Spellcasting
  7146 | D:6      | Noticed Pikel
  7153 | D:6      | Killed Pikel
  7154 | D:6      | Reached skill level 8 in Spellcasting
  7154 | D:6      | Reached skill level 5 in Air Magic
  7767 | D:6      | Reached skill level 1 in Stealth
  8426 | D:7      | Found a bloodstained altar of Trog.
  8457 | D:7      | Reached XP level 9. HP: 65/65 MP: 4/21
  8764 | D:7      | Found an opulent altar of Gozag.
 10135 | D:7      | Found a bloodstained altar of Trog.
 10176 | D:7      | Found an opulent altar of Gozag.
 10332 | D:6      | Reached skill level 5 in Fighting
 10742 | D:8      | Reached skill level 9 in Spellcasting
 10992 | D:8      | Learned a level 3 spell: Vampiric Draining
 11265 | D:8      | Reached skill level 1 in Necromancy
 11302 | D:8      | Reached XP level 10. HP: 66/76 MP: 1/23
 11443 | D:8      | Reached skill level 10 in Spellcasting
 12521 | D:9      | Identified a scroll of acquirement
 12522 | D:9      | Acquired the +2 pair of gloves of New Discoveries {rC+ MP+9
                  | Dex+3 SInv}
 12633 | D:9      | Found a sacrificial altar of Ru.
 12718 | D:9      | Reached skill level 5 in Necromancy
 12832 | D:8      | Reached skill level 11 in Spellcasting
 13299 | D:9      | Found a broken altar of Ashenzari.
 13304 | D:9      | Became a worshipper of Ashenzari the Shackled
 13386 | D:9      | Found a sparkling altar of Nemelex Xobeh.
 13449 | D:9      | Found a staircase to the Orcish Mines.
 13640 | D:9      | Reached skill level 1 in Conjurations
 14036 | D:9      | Reached skill level 12 in Spellcasting
 14251 | D:9      | Found the +5 scythe "Finisher" {speed, execute}
 14357 | D:9      | Reached XP level 11. HP: 81/81 MP: 23/27
 14364 | D:9      | Learned a level 4 spell: Fulminant Prism
 14476 | D:10     | Entered Level 10 of the Dungeon
 14554 | D:9      | Reached skill level 1 in Hexes
 14958 | D:9      | Noticed a skeletal warrior
 15648 | D:10     | Found a blossoming altar of Fedhas.
 15751 | D:10     | Found a stormy altar of Qazlal.
 15772 | D:10     | Found a shimmering altar of Xom.
 16597 | D:10     | Reached skill level 5 in Conjurations
 17237 | D:10     | Found a staircase to the Lair.
 17312 | D:11     | Noticed an orc knight
 17321 | D:11     | Killed an orc knight
 18070 | D:11     | Noticed a two-headed ogre
 18074 | D:11     | Killed a two-headed ogre
 18371 | D:11     | Reached * piety under Ashenzari
 18539 | D:11     | Noticed a two-headed ogre
 18543 | D:11     | Killed a two-headed ogre
 18544 | D:11     | Reached XP level 12. HP: 92/92 MP: 21/28
 18862 | Lair:1   | Entered Level 1 of the Lair of Beasts
 19437 | Lair:1   | Found a blossoming altar of Fedhas.
 19487 | Lair:1   | Noticed a death yak
 19498 | Lair:1   | Noticed a death yak
 19510 | Lair:1   | Killed a death yak
 19641 | Lair:1   | Noticed a death yak
 19662 | Lair:1   | Killed a death yak
 19762 | Lair:1   | Reached ** piety under Ashenzari
 19837 | Lair:1   | Noticed a death yak
 19837 | Lair:1   | Noticed a death yak
 19837 | Lair:1   | Noticed a death yak
 19846 | Lair:1   | Killed a death yak
 19861 | Lair:1   | Killed a death yak
 19865 | Lair:1   | Killed a death yak
 19866 | Lair:1   | Killed a death yak
 20782 | Lair:1   | Found a blossoming altar of Fedhas.
 20866 | Lair:2   | Identified the +5 war axe of the Unseen Realm {heavy,
                  | Str+4}
 20866 | Lair:2   | Found a staircase to the Snake Pit.
 21222 | Lair:2   | Upgraded the game from 0.31-a0-1168-gf5c68a8 to
                  | 0.31-a0-1172-g9944ec4
 21644 | Lair:2   | Reached skill level 13 in Spellcasting
 21679 | Lair:2   | You fall into a shaft and drop 1 floor!
 21687 | Lair:3   | Reached skill level 10 in Fighting
 22165 | Lair:2   | Gained mutation: You are strongly in touch with the powers
                  | of death. [Mummy growth]
 22165 | Lair:2   | Reached XP level 13. HP: 106/106 MP: 24/31
 23627 | Lair:3   | Noticed Nergalle
 23633 | Lair:3   | Killed Nergalle
 23634 | Lair:3   | Reached skill level 1 in Shields
 24909 | Lair:3   | Learned a level 3 spell: Confusing Touch
 24941 | Lair:3   | Learned a level 4 spell: Olgreb's Toxic Radiance
 24966 | Lair:3   | Found a hazy altar of Hepliaklqana.
 24971 | Lair:3   | Reached *** piety under Ashenzari
 25467 | Lair:4   | Reached skill level 1 in Poison Magic
 25892 | Lair:4   | Reached **** piety under Ashenzari
 26600 | Lair:4   | Reached skill level 5 in Poison Magic
 26935 | Lair:4   | Found a staircase to the Slime Pits.
 26936 | Lair:4   | Found a viscous altar of Jiyva.
 27485 | Lair:5   | Entered Level 5 of the Lair of Beasts
 27760 | Lair:5   | Reached skill level 1 in Translocations
 27760 | Lair:5   | Reached XP level 14. HP: 119/119 MP: 25/34
 27945 | Lair:5   | Reached skill level 14 in Spellcasting
 28464 | Lair:5   | Noticed Sonja
 28483 | Lair:5   | Killed Sonja
 28647 | Lair:4   | Reached skill level 15 in Spellcasting
 28913 | Lair:4   | Learned a level 4 spell: Iskenderun's Mystic Blast
 29002 | Lair:5   | Reached skill level 1 in Dodging
 29109 | Lair:5   | Reached ***** piety under Ashenzari
 29736 | Orc:1    | Entered Level 1 of the Orcish Mines
 29860 | Orc:1    | Found Tyd Ruomerch's Jewellery Shop.
 30056 | Orc:1    | Found Kear's Jewellery Shoppe.
 30064 | Orc:1    | Bought a ring of protection from fire for 350 gold pieces
 30343 | Orc:1    | Found Jyvomutz's Weapon Shop.
 30492 | Orc:1    | Found Ofaam's General Store.
 30497 | Orc:1    | Found Vireqef's Weapon Shop.
 30502 | Orc:1    | Bought a +2 helmet of intelligence for 236 gold pieces
 30752 | Orc:1    | Found Usoedoena's Jewellery Shop.
 31005 | Orc:2    | Entered Level 2 of the Orcish Mines
 31006 | Orc:2    | Found a staircase to the Elven Halls.
 32996 | Orc:2    | Found Vylicla's Armour Shoppe.
 32997 | Orc:2    | Found Siusov's Book Shoppe.
 32998 | Orc:2    | Found Bilaeh's Antique Weapon Emporium.
 33002 | Orc:2    | Found Nagyumn's Weapon Emporium.
 33006 | Orc:2    | Bought Great Wizards, Vol. II for 570 gold pieces
 33006 | Orc:2    | Bought an Inescapable Atlas for 240 gold pieces
 33009 | Orc:2    | Learned a level 2 spell: Blink
 33015 | Orc:2    | Learned a level 5 spell: Borgnjor's Vile Clutch
 33046 | Orc:2    | Bought a crude long sword for 229 gold pieces
 33046 | Orc:2    | Identified the +7 long sword "Seroys" {heavy, Contam rElec
                  | rN+ Stlth+} (You bought it in a shop on level 2 of the
                  | Orcish Mines)
 33332 | Lair:3   | Reached skill level 1 in Earth Magic
 33333 | Lair:3   | Reached XP level 15. HP: 113/132 MP: 22/38
 34701 | Lair:5   | Identified the Papyrus of Grisly Poison
 35014 | Lair:5   | Reached skill level 5 in Earth Magic
 35879 | Lair:5   | Identified the ring of Wu Jian's Benevolence {rN+ Will+}
 39577 | D:14     | Reached skill level 5 in Shields
 39578 | D:14     | Noticed Louise
 39627 | D:14     | Noticed Snorg
 39645 | D:14     | Killed Snorg
 39661 | D:14     | Killed Louise
 39677 | D:14     | Found a gate leading to a gauntlet.
 39689 | Gauntlet | Entered a Gauntlet
 39689 | Gauntlet | Found a transporter.
 39689 | Gauntlet | Found a transporter.
 39689 | Gauntlet | Found a runed translucent gate.
 39831 | Gauntlet | Found a runed translucent gate.
 39839 | Gauntlet | Found a transporter.
 39843 | Gauntlet | Found a transporter.
 39851 | Gauntlet | Found a transporter.
 39855 | Gauntlet | Found a transporter.
 39863 | Gauntlet | Found a transporter.
 39880 | Gauntlet | Found a transporter.
 39881 | Gauntlet | Identified the amulet of Xonelaso {Faith +Blink rElec rC-
                  | Dex+4}
 39894 | Gauntlet | Found a transporter.
 39898 | Gauntlet | Found a transporter.
 39906 | Gauntlet | Found a transporter.
 39910 | Gauntlet | Found a transporter.
 39912 | Gauntlet | Found a runed translucent gate.
 40282 | Gauntlet | Identified the +9 mace "Waog" {heavy, Will+}
 40293 | Gauntlet | Identified the +0 pair of gloves of Rofugg {rC+}
 40293 | Gauntlet | Identified the Folio of Altered Voltage
 40310 | Gauntlet | Learned a level 5 spell: Irradiate
 40316 | Gauntlet | Learned a level 5 spell: Yara's Violent Unravelling
 40404 | D:14     | Reached skill level 1 in Transmutations
 40405 | D:14     | Reached XP level 16. HP: 126/141 MP: 11/38
 40597 | D:14     | Found a gate to the Vaults.
 40728 | Orc:1    | Bought the ring "Ramir" {Fly rElec rN+ MP-9 Int+5} for 382
                  | gold pieces
 40960 | D:14     | Found a shimmering blue altar of Sif Muna.
 40960 | D:14     | Identified Sif Muna's Book of the Xenolith
 40960 | D:14     | Identified Sif Muna's Compendium of Effluvium
 40964 | D:14     | Identified Sif Muna's Volume of the Fairies
 41220 | D:14     | Found a shimmering altar of Xom.
 41806 | D:14     | Noticed Rupert
 41815 | D:14     | Killed Rupert
 42121 | D:15     | Entered Level 15 of the Dungeon
 42249 | D:15     | Noticed Agnes
 42260 | D:15     | Killed Agnes
 42261 | D:15     | Reached skill level 5 in Transmutations
 42371 | D:15     | Noticed Roxanne
 42390 | D:15     | Found a frozen archway.
 42394 | IceCv    | Entered an ice cave
 44151 | IceCv    | Identified the ring of the Good {Drain rPois rF+ rN+}
 44320 | IceCv    | Identified the +1 pair of boots of Intuition {Dex+2 Stlth+}
 44321 | IceCv    | Identified the ring of Qosum {Ice rPois Str+2}
 44323 | IceCv    | Identified the amulet "Jonulau" {Faith Fly rPois SInv
                  | Stlth-}
 44469 | D:15     | Killed Roxanne
 44482 | D:15     | Noticed Azrael
 44499 | D:15     | Killed Azrael
 45342 | D:15     | Found a staircase to the Depths.
 45363 | D:15     | Reached skill level 5 in Evocations
 45463 | D:15     | Reached skill level 5 in Dodging
 46385 | Snake:1  | Entered Level 1 of the Snake Pit
 46842 | Snake:1  | Reached skill level 1 in Throwing
 46986 | Snake:1  | Identified the serpent talisman of Subjectivity {rC+}
 46986 | Snake:1  | Noticed Aizul
 46997 | Snake:1  | Killed Aizul
 47089 | Snake:1  | Found Gaweiwn's Armour Emporium.
 47292 | Snake:1  | Reached XP level 17. HP: 129/148 MP: 35/39
 47380 | Snake:1  | Reached skill level 15 in Fighting
 48390 | Snake:1  | Found a broken altar of Ashenzari.
 48728 | Snake:2  | Found a blossoming altar of Fedhas.
 48818 | Snake:2  | Noticed Vashnia
 48906 | Snake:2  | Noticed Mlioglotl
 48912 | Snake:2  | Killed Mlioglotl
 49951 | Snake:2  | Found a blossoming altar of Fedhas.
 50352 | Snake:2  | Killed Vashnia
 50653 | Snake:3  | Reached skill level 5 in Armour
 50892 | Snake:3  | Reached skill level 16 in Spellcasting
 52032 | Snake:3  | Reached skill level 17 in Spellcasting
 52212 | Snake:4  | Entered Level 4 of the Snake Pit
 53689 | Snake:4  | Reached skill level 5 in Throwing
 54004 | Snake:4  | Reached XP level 18. HP: 146/157 MP: 21/42
 54197 | Snake:4  | Noticed Nikola
 54204 | Snake:4  | Killed Nikola
 54610 | Snake:4  | Reached skill level 5 in Stealth
 55735 | Snake:4  | Got a serpentine rune of Zot
 55935 | Shoals:1 | Entered Level 1 of the Shoals
 57103 | Shoals:1 | Found Wogoex's Self-Improvement Boutique.
 57915 | Shoals:2 | Upgraded the game from 0.31-a0-1172-g9944ec4 to
                  | 0.31-a0-1178-gc5c9b8f
 59031 | Shoals:2 | Reached skill level 10 in Shields
 60695 | Shoals:3 | Noticed Jorgrun
 60704 | Shoals:3 | Killed Jorgrun
 62531 | Shoals:4 | Entered Level 4 of the Shoals
 62746 | Elf:1    | Entered Level 1 of the Elven Halls
 62754 | Elf:1    | Reached skill level 18 in Spellcasting
 62912 | Elf:1    | Reached XP level 19. HP: 163/167 MP: 20/45
 62916 | Elf:1    | Reached skill level 1 in Polearms
 63376 | Elf:1    | Found an ancient bone altar of Kikubaaqudgha.
 63439 | Elf:1    | Found Oclar's Weapon Shop.
 64595 | Elf:2    | Paralysed by an air elemental for 1 turns
 64668 | Elf:2    | Found a runed translucent gate.
 64668 | Elf:2    | Found a runed translucent gate.
 64668 | Elf:2    | Found a runed translucent gate.
 64892 | Elf:2    | Learned a level 4 spell: Dispel Undead
 65150 | Elf:3    | Entered Level 3 of the Elven Halls
 65674 | Elf:3    | Found Benoop's Magic Scroll Emporium.
 65678 | Elf:3    | Bought a scroll of enchant armour for 75 gold pieces
 65678 | Elf:3    | Bought a scroll of teleportation for 30 gold pieces
 65726 | Elf:3    | Bought a scroll of immolation for 40 gold pieces
 65770 | Elf:3    | Bought 2 scrolls of revelation for 150 gold pieces
 67523 | Elf:3    | Identified the +5 chain mail of Pan-Flutes {rF+ Will+ Int+5
                  | SInv}
 67935 | Elf:3    | Identified the +5 glaive "Monug" {flame, Will+}
 67935 | Elf:3    | Identified the ring "Ratae" {Will+ Str+6 Slay+4}
 67950 | Elf:3    | Identified the +2 helmet of Xite {^Drain Str+6}
 67950 | Elf:3    | Identified the +4 hand axe "Goel Gelaesu" {vamp, rPois
                  | Int+5}
 67951 | Elf:3    | Identified Yzootu Uqao's Encyclopedia of Cadavers
 68052 | Elf:3    | Identified the Commentary on the Sky
 68560 | Vaults:1 | Entered Level 1 of the Vaults
 68602 | Vaults:1 | Noticed Donald
 68609 | Vaults:1 | Killed Donald
 68687 | Vaults:1 | Noticed Asterion
 68702 | Vaults:1 | Killed Asterion
 69151 | Vaults:1 | Reached XP level 20. HP: 169/169 MP: 38/43
 69769 | Vaults:1 | Noticed Norris
 69774 | Vaults:1 | Reached skill level 10 in Armour
 69786 | Vaults:1 | Killed Norris
 69956 | Vaults:1 | Identified the +10 falchion of Dogeb {flame, +Blink rN++
                  | Int+4}
 70137 | Vaults:1 | Learned a level 5 spell: Lee's Rapid Deconstruction
 71326 | Vaults:2 | Found a portal to a secret trove of treasure.
 71422 | Vaults:2 | Found Paotast's Book Shoppe.
 71917 | Vaults:2 | Reached skill level 5 in Polearms
 72478 | Vaults:2 | Found a staircase to the Crypt.
 72555 | Vaults:2 | Found Asuuze Bentu's Antique Weapon Boutique.
 72557 | Vaults:2 | Found Panwophy's Book Emporium.
 73096 | Vaults:3 | Upgraded the game from 0.31-a0-1178-gc5c9b8f to
                  | 0.31-a0-1207-g4ab8c38
 74823 | Vaults:4 | Reached XP level 21. HP: 175/175 MP: 38/44
 74904 | Vaults:4 | Identified the Vellum of the Shadowy Curse
 74997 | Vaults:4 | Reached skill level 10 in Polearms
 75095 | Vaults:4 | Noticed Mara
 75106 | Vaults:4 | Killed Mara
 76857 | Depths:1 | Entered Level 1 of the Depths
 77153 | Depths:1 | Found a gateway to Hell.
 77624 | Depths:1 | Found a broken altar of Ashenzari.
 77785 | Depths:1 | Found a one-way gate leading to the halls of Pandemonium.
 78872 | Depths:2 | Reached XP level 22. HP: 186/186 MP: 42/47
 79028 | Depths:2 | Found Ceokysaa's Distillery.
 79030 | Depths:2 | Identified the +2 robe of the Red Bull {rF+ Int+4}
 79036 | Depths:2 | Found Oreog's Antique Weapon Shop.
 79156 | Depths:2 | Noticed a golden dragon
 79182 | Depths:2 | Killed a golden dragon
 79207 | Depths:2 | Reached skill level 19 in Spellcasting
 79801 | Depths:2 | Learned a level 7 spell: Ozocubu's Refrigeration
 79940 | Depths:2 | Noticed a golden dragon
 79961 | Depths:2 | Killed a golden dragon
 79974 | Depths:2 | Reached skill level 20 in Spellcasting
 80210 | Depths:2 | Found a one-way gate to the infinite horrors of the Abyss.
 80446 | Depths:2 | Identified the +1 leather armour of Marbles {Fly rElec}
 80451 | Depths:2 | Identified the +1 robe of Joes {rF++ rCorr Str+2}
 81018 | Depths:3 | Found a one-way gateway to a ziggurat.
 81113 | Depths:3 | Noticed the Enchantress
 81126 | Depths:2 | Killed the Enchantress
 81268 | Depths:3 | Reached skill level 21 in Spellcasting
 82227 | Depths:3 | Noticed Xtahua
 82238 | Depths:3 | Reached skill level 22 in Spellcasting
 82246 | Depths:3 | Killed Xtahua
 82717 | Depths:3 | Found a corrupted altar of Lugonu.
 82864 | Depths:4 | Entered Level 4 of the Depths
 82993 | Depths:4 | Noticed Margery
 83017 | Depths:4 | Killed Margery
 83018 | Depths:4 | Reached skill level 23 in Spellcasting
 83221 | Depths:4 | Noticed Mennas
 83232 | Depths:4 | Killed Mennas
 83233 | Depths:4 | Reached skill level 1 in Ice Magic
 83550 | Depths:4 | Reached XP level 23. HP: 73/196 MP: 26/54
 84027 | Depths:4 | Found a gate to the Realm of Zot.
 84379 | Depths:4 | Found a hide-covered altar of Uskayaw.
 84704 | Crypt:1  | Entered Level 1 of the Crypt
 84994 | Crypt:1  | Reached skill level 5 in Ice Magic
 86158 | Crypt:1  | Found a basalt altar of Yredelemnul.
 86937 | Crypt:3  | Entered Level 3 of the Crypt
 87146 | Crypt:3  | Identified the staff "Zihobb" {rF+ Int+4 Fire Air Earth}
 87661 | Crypt:3  | Identified the +0 chain mail of the Everdark {rPois Regen+
                  | Str-4}
 87661 | Crypt:3  | Identified the ring "Dil Reoq" {rN+ Will+ Stlth+}
 87661 | Crypt:3  | Identified the ring "Vuzaol" {rElec rC+ rN+}
 87662 | Crypt:3  | Noticed an ancient lich
 87888 | Crypt:3  | Reached skill level 10 in Ice Magic
 87973 | Crypt:3  | Noticed an ancient lich
 87982 | Crypt:3  | Killed an ancient lich
 88236 | Crypt:3  | Noticed Zenata
 88244 | Crypt:3  | Killed Zenata
 88383 | Crypt:3  | Found the +7 great mace "Undeadhunter" {deathbane, rN+}
 88403 | Crypt:3  | Identified the ring of Yryuph {rElec rCorr Str-4 Dex+3
                  | Slay+4}
 88671 | Crypt:3  | Found a staircase to the Tomb.
 89400 | Crypt:3  | Killed an ancient lich
 89948 | Shoals:4 | Reached XP level 24. HP: 186/204 MP: 8/54
 90862 | Shoals:4 | Got a barnacled rune of Zot
 91885 | Slime:1  | Entered Level 1 of the Pits of Slime
 92465 | Slime:2  | Found a viscous altar of Jiyva.
 92914 | Slime:5  | Entered Level 5 of the Pits of Slime
 93163 | Slime:4  | Found a viscous altar of Jiyva.
 93659 | Slime:5  | Reached skill level 10 in Throwing
 93813 | Slime:5  | Noticed the Royal Jelly
 93820 | Slime:5  | Killed the Royal Jelly
 94013 | Slime:5  | Identified Namyll's Secrets of the Sphinx
 94015 | Slime:5  | Identified Jotyomao's Incunable of Cursed Violence
 94016 | Slime:5  | Identified the +4 leather armour of Ukkibuah {-Cast Regen+
                  | rCorr}
 94032 | Slime:5  | Got a slimy rune of Zot
 94331 | Slime:5  | Identified the amulet of Tozxipt {Rampage Regen+ Str+4}
 94332 | Slime:5  | Identified the ring "Jenwe" {rF+ Will+}
 94943 | Zot:1    | Entered Level 1 of the Realm of Zot
 95262 | Zot:1    | Found Boxkynam's Changing Room.
 96756 | Zot:1    | Reached XP level 25. HP: 157/208 MP: 18/53
 96878 | Zot:1    | Found a shimmering blue altar of Sif Muna.
 97847 | Orc:2    | Bought a book of Burglary for 300 gold pieces
 97850 | Orc:2    | Learned a level 2 spell: Passwall
101275 | Zot:4    | Reached skill level 15 in Throwing
102960 | Zot:5    | Entered Level 5 of the Realm of Zot
103901 | Zot:5    | Reached XP level 26. HP: 212/222 MP: 54/54
104101 | Zot:5    | Noticed an orb of fire
104102 | Zot:5    | Noticed an orb of fire
104112 | Zot:5    | Killed an orb of fire
104114 | Zot:5    | Killed an orb of fire
104332 | Zot:5    | Noticed a dread lich
104387 | Zot:5    | Killed a dread lich
104980 | Zot:5    | Got the Orb of Zot
105101 | Zot:3    | Noticed Kauvvic the pandemonium lord
105465 | D:4      | Noticed a seraph
105529 | D:2      | Noticed a seraph
105554 | D:1      | Noticed Legg the pandemonium lord
105572 | D:$      | Escaped with the Orb!

Illustrated notes

Levels and vault maps discovered:
D:1:      giann_horns, layout_basic
D:2:      layout_loops_cross, basic_altar
D:3:      layout_basic, corexii_item_surrounded_by_moat
D:4:      minmay_chambers_of_threes, layout_basic,
          minmay_overflow_temple_star_quad, serial_shops, shop
D:5:      layout_basic, lightli_temple_of_fire, temple_fountains,
          grunt_ministairs_10, uniq_duvessa
D:6:      layout_basic, wad_floor_pattern_untrapped, uniq_menkaure, uniq_pikel
D:7:      layout_rooms, amcnicky_altar_gilded,
          nicolae_gozag_cash_rules_everything_around_me
D:8:      layout_rooms
D:9:      layout_small_grid, mainiacjoe_overflow_24_doors,
          nicolae_ru_awakened_eye, marbit_many_paths, orc_0_dummy,
          minmay_guarded_unrand_finisher
D:10:     layout_small_grid, grunt_temple_overflow_forces_of_nature,
          led_xom_imps, david_lair_shrubbed
D:11:     layout_small_grid, special_room [special_room_orc],
          nicolae_elevator_lobby_plus
D:12:     layout_gridville
D:13:     layout_rooms
D:14:     layout_basic, skrybe_vaults_entry_preservation,
          gauntlet_entry_generic, lemuel_crystal_altar,
          nicolae_sif_muna_little_library, uniq_louise, uniq_rupert, uniq_snorg
D:15:     gammafunk_depths_entry_grave, layout_basic, serial_ice, serial_ice_c,
          serial_ice_f, serial_ice_g, serial_ice_h,
          portal_ice_cave_entry_pillars_four, uniq_agnes, uniq_roxanne,
          uniq_azrael
Temple:   compressed_dpeg_circular_temple
Lair:1:   layout_roguey, hangedman_tree_tricks,
          grunt_forest_small_clearing_treed
Lair:2:   layout_hall_layers, minmay_snake_entry_guardpost_small,
          beast_lair_carwin_6, grunt_megastairs_4
Lair:3:   nzn_winding_woodlands_three_and_one
          [nzn_winding_woodlands_5x15_split_checker,
          nzn_winding_woodlands_5x15_longhouse,
          nzn_winding_woodlands_5x15_default,
          nzn_winding_woodlands_center_lodge], layout_regular_city,
          nicolae_shoals_entry_flooding, basic_altar, grunt_megastairs_5,
          serial_bayou_shore_b, uniq_nergalle
Lair:4:   layout_cave_pods, dpeg_slime_entry_enclosed,
          grunt_forest_stairs_clearing
Lair:5:   due_jungle_book, layout_gridlike, lemuel_another_geyser, uniq_sonja
Shoals:1: layout_shoals, nicolae_shop_self_help
Shoals:2: layout_shoals
Shoals:3: layout_shoals, nicolae_shoals_square_sea_wall, uniq_jorgrun
Shoals:4: shoals_end_hellmonk_holy_island
Snake:1:  nicolae_snakescales, layout_layer_cave, basic_altar, serial_shops,
          nicolae_shop_hallway_stairs, uniq_aizul
Snake:2:  layout_gridlike, basic_altar, uniq_vashnia, uniq_mlioglotl
Snake:3:  layout_misc_corridors, serial_bayou_pond_a, grunt_ministairs_7
Snake:4:  grunt_snake_rune_serpentine_throne, layout_cave_pods,
          nicolae_triple_integral, uniq_nikola
Slime:1:  layout_caves
Slime:2:  layout_caves, basic_altar, cheibrodos_slime_lost_civilization_6
Slime:3:  layout_caves, basic_altar
Slime:4:  layout_caves, basic_altar
Slime:5:  slime_pit_nicolae_trefoil
Orc:1:    layout_caves, serial_shops, nicolae_shop_tiny_waterfront,
          nicolae_shop_stone, shop, shop_coins, guppyfry_orc_lava_fort
Orc:2:    st_orc_mages, layout_diamond_mine
Elf:1:    eino_elf_arrival_shootout, layout_gridlike, basic_altar, serial_shops,
          nicolae_shop_rolling_square, nicolae_elf_blasts_and_bolts
Elf:2:    elven_hall_of_blades_hangedman_original [nicolae_blade_lattice],
          layout_onion_city
Elf:3:    minmay_elf_hall_dome, layout_geoelf_diagonals, serial_shops,
          nicolae_shop_rolled_up
Vaults:1: vaults_room_semicircle, hangedman_vaults_river_flow,
          nicolae_vaults_what_the_h, vaults_dpeg_emergency_exit,
          nicolae_vaults_more_shelving_2, nicolae_vaults_shelves_hall,
          nicolae_vaults_closet_pinwheel_3, nicolae_vaults_little_squares_2,
          dpeg_vaults_monster_row, nicolae_vaults_tetromino_T_2,
          nicolae_vaults_shipping_containers_4, v_misc_15,
          layout_vaults_omnicross, uniq_donald, uniq_norris, uniq_asterion
Vaults:2: minmay_crypt_entry_simple_walls, nicolae_vaults_sightless_eye,
          nicolae_vaults_house_1, hangedman_vaults_locks, hangedman_vaults_hat,
          v_rooms_5, hangedman_vaults_impose, nicolae_vaults_angled_halls,
          hangedman_vaults_snaps, vaults_room_semicircle,
          nicolae_vaults_apartment_2, ontoclasm_vaults_shuriken,
          layout_vaults_big_room, serial_shops,
          nicolae_shop_competitors_out_of_business, nicolae_shop_tiny_glass,
          nicolae_shop_pleasant_corner_grove, enter_trove_6
Vaults:3: nicolae_vaults_asterisk, nicolae_vaults_trapezoid_lopsided_2,
          hangedman_vaults_stagger, vaults_dpeg_ring,
          nicolae_vaults_network_barrier, nicolae_vaults_yaktaur_gun_rack,
          hangedman_vaults_cutoff, nicolae_vaults_antechamber_and_loot_room,
          v_misc_3, nicolae_vaults_gold_heap, nicolae_vaults_weapon_check,
          layout_vaults_maze
Vaults:4: nicolae_vaults_six-pack, nicolae_vaults_double_plus_2, v_misc_30,
          nicolae_vaults_asterisk, v_pattern_3,
          vaults_mumra_minichess_inversion, nicolae_vaults_storage_closets_3,
          hangedman_vaults_capsules, vaults_dpeg_hooks, vaults_mumra_chevron,
          nicolae_vaults_house_1, nicolae_vaults_murderbox, vaults_room_pools,
          nicolae_vaults_tetromino_T_1, layout_vaults_ring, uniq_mara
Crypt:1:  layout_regular_city, grunt_ministairs_10, st_stairs_8,
          lemuel_upstairs_altar, grunt_crypt_arrival_webbed
Crypt:2:  layout_chaotic_city
Crypt:3:  david_glass_crypt, layout_gridlike, tomb_entry_shell_bobbens,
          hex_tiny, st_stairs_9, grunt_megastairs_2, uniq_zenata
Depths:1: layout_gridlike, nicolae_ashenzari_panopticon, grunt_mini_vestibule,
          rand_demon_pan_entry_4, chequers_decorated_corner, grunt_ministairs_5
Depths:2: little_maze_vault, layout_cave_shapes, minmay_room_of_horrors,
          hell_entry, minmay_holes, pan_entry, st_stairs_8,
          infiniplex_staircase_diamond, minmay_shoptagon, serial_bayou_shore_b
Depths:3: cheibrodos_leafed_vault, layout_gridville, enter_ziggurat_e,
          hangedman_decor_points, grunt_pan_entry_zigzag, hangedman_geh_valley,
          abyss_entry_flame_altar, nrook_pool_corridor, uniq_enchantress,
          uniq_xtahua
Depths:4: evilmike_zot_entry_gauntlet, layout_long_grid, hellmouth_1,
          nicolae_uskayaw_suspiria, uniq_margery, uniq_mennas
Zot:1:    lemuel_acid_trip, layout_concentric_octagons,
          regret_index_zotdec_magical_s, nicolae_transmutations_shop,
          guppyfry_library_mini
Zot:2:    layout_basic, hangedman_zot_gyre
Zot:3:    layout_cathedral_of_symmetry
Zot:4:    lemuel_firehouse, layout_concentric_octagons,
          regret_index_zotdec_stipple_waver
Zot:5:    layout_basic

Skill      XL: |  1  2  3  4  5  6  7  8  9 10 11 12 13 14 15 16 17 18 19 20 21 22 23 24 25 26 |
---------------+-------------------------------------------------------------------------------+-----
Fighting       | 2 3 4 6 8 10 11 12 14 15 16 | 16.1
Spellcasting   | 2 3 5 6 8 9 12 13 15 17 18 23 | 23.7
Air Magic      | 2 3 4 6 8 |  8.0
Stealth        | 2 4 5 |  5.3
Necromancy     | 1 6 7 8 |  8.3
Conjurations   | 3 7 8 |  8.0
Hexes          | 4 |  4.2
Armour         | 2 4 5 9 10 11 | 11.4
Evocations     | 3 4 6 7 |  7.1
Shields        | 4 6 10 11 | 11.4
Poison Magic   | 6 |  6.0
Translocations | 1 2 4 |  4.0
Dodging        | 2 3 5 6 |  6.9
Earth Magic    | 1 5 |  5.5
Transmutations | 1 8 |  8.0
Throwing       | 2 5 6 7 12 17 19 | 19.6
Polearms       | 2 9 14 | 14.0
Ice Magic      | 2 12 13 14 | 14.0

Action                     |  1- 3 |  4- 6 |  7- 9 | 10-12 | 13-15 | 16-18 | 19-21 | 22-24 | 25-27 || total
---------------------------+-------+-------+-------+-------+-------+-------+-------+-------+-------++-------
  Melee: Club              |    13 |       |       |       |       |       |       |       |       ||    13
         Dagger            |   122 |   380 |    87 |    67 |    98 |       |       |       |       ||   754
         Mace              |    16 |       |       |       |       |       |    20 |       |       ||    36
         Punch             |       |     4 |       |       |       |       |       |       |       ||     4
         Long sword        |       |       |       |       |    48 |     4 |       |       |       ||    52
         Staff             |       |       |       |       |       |   405 |    15 |       |       ||   420
         Demon trident     |       |       |       |       |       |       |  1005 |  1961 |   711 ||  3677
  Throw: Stone             |     1 |     4 |       |       |       |       |       |       |       ||     5
         Dart              |       |     8 |     8 |    11 |    11 |     9 |     4 |       |       ||    51
         Boomerang         |       |       |       |       |       |       |    29 |       |       ||    29
         Javelin           |       |       |       |       |       |       |    12 |       |    11 ||    23
   Cast: Shock             |       |    28 |    66 |       |       |       |       |       |       ||    94
         Airstrike         |       |       |    87 |   311 |   473 |   257 |    96 |     7 |       ||  1231
         Swiftness         |       |       |     1 |     1 |       |       |       |       |       ||     2
         Vampiric Draining |       |       |       |    73 |   113 |     1 |       |       |       ||   187
         Fulminant Prism   |       |       |       |     5 |     3 |     9 |       |       |       ||    17
         Olgreb's Toxic Ra |       |       |       |       |   133 |    17 |    37 |     3 |       ||   190
         Borgnjor's Vile C |       |       |       |       |    93 |   405 |   241 |   145 |    83 ||   967
         Iskenderun's Myst |       |       |       |       |    13 |     1 |     2 |     2 |       ||    18
         Confusing Touch   |       |       |       |       |     6 |     3 |     2 |       |       ||    11
         Irradiate         |       |       |       |       |     1 |   102 |   110 |    44 |    38 ||   295
         Dispel Undead     |       |       |       |       |       |       |     6 |    60 |    36 ||   102
         Ozocubu's Refrige |       |       |       |       |       |       |       |   190 |   103 ||   293
         Passwall          |       |       |       |       |       |       |       |       |     4 ||     4
 Invoke: Curse Item        |       |       |       |     4 |     6 |     3 |     2 |     1 |     3 ||    19
         Shatter the Chain |       |       |       |       |     4 |     1 |     3 |     1 |     1 ||    10
  Evoke: Wand              |     1 |    14 |     8 |     4 |    11 |     7 |       |     1 |     3 ||    49
         Phantom mirror    |       |       |       |       |       |     3 |     2 |     2 |       ||     7
         Sack of spiders   |       |       |       |       |       |     1 |     1 |     1 |       ||     3
    Use: Scroll            |       |       |     9 |     7 |     6 |     5 |     9 |     8 |    12 ||    56
   Stab: Sleeping          |       |     1 |       |       |       |       |     1 |     2 |     2 ||     6
         Distracted        |       |     1 |       |       |       |       |       |     5 |     2 ||     8
 Armour: Scale mail        |   114 |    88 |       |       |       |       |       |       |       ||   202
         Leather armour    |     5 |    86 |     9 |       |       |       |       |       |       ||   100
         Plate armour      |       |    66 |       |       |       |       |       |       |       ||    66
         Robe              |       |       |    81 |    11 |       |       |       |       |       ||    92
         Troll leather arm |       |       |       |   112 |   344 |   539 |    72 |       |       ||  1067
         Chain mail        |       |       |       |       |       |       |   470 |       |       ||   470
         Fire dragon scale |       |       |       |       |       |       |   115 |   884 |   532 ||  1531
  Dodge: Dodged            |    66 |   135 |   114 |    88 |   194 |   426 |   374 |   421 |   201 ||  2019
  Block: Buckler           |       |       |       |    62 |   270 |   419 |       |       |       ||   751
         Reflection        |       |       |       |     1 |    17 |    88 |    93 |    23 |     2 ||   224
         Kite shield       |       |       |       |       |       |   160 |  1100 |  1436 |   439 ||  3135

Table legend: (Time is in decaauts)
 A = Elapsed time spent in this place.
 B = Non-inter-level travel time spent in this place.
 C = Inter-level travel time spent in this place.
 D = Time resting spent in this place.
 E = Time spent auto-exploring this place.
 F = Levels seen in this place.
 G = Mean time per level.
                   A        B        C        D        E       F      G
               +--------+--------+--------+--------+--------+-----+--------+
         Total | 104914 |  98385 |   6529 |  28231 |  47852 |  57 | 1840.6 |
       Dungeon |  26454 |  23769 |   2685 |   7234 |  11154 |  15 | 1763.6 |
        Temple |    109 |    109 |      0 |     98 |      0 |   1 |  109.0 |
          Lair |  15561 |  14335 |   1226 |   6055 |   5170 |   5 | 3112.2 |
        Shoals |   8612 |   8412 |    200 |   2220 |   5110 |   4 | 2153.0 |
     Snake Pit |   9367 |   9019 |    348 |   2642 |   4398 |   4 | 2341.8 |
    Slime Pits |   2706 |   2601 |    105 |   1311 |    681 |   5 |  541.2 |
  Orcish Mines |   3519 |   3246 |    273 |   1005 |   1530 |   2 | 1759.5 |
   Elven Halls |   5680 |   5383 |    297 |   1699 |   2293 |   3 | 1893.3 |
        Vaults |   8466 |   8025 |    441 |    997 |   5056 |   4 | 2116.5 |
         Crypt |   4603 |   4461 |    142 |    922 |   2411 |   3 | 1534.3 |
        Depths |   7942 |   7314 |    628 |   1100 |   4571 |   4 | 1985.5 |
           Zot |   9135 |   8956 |    179 |   1412 |   5074 |   5 | 1827.0 |
      Ice Cave |   2045 |   2045 |      0 |   1121 |    310 |   1 | 2045.0 |
      Gauntlet |    709 |    709 |      0 |    413 |     94 |   1 |  709.0 |
               +--------+--------+--------+--------+--------+-----+--------+

Top non-repeatable levels by time:
  Lair:5: 4505 daAuts
 Snake:4: 3459 daAuts
   Elf:3: 3233 daAuts
  Lair:4: 3193 daAuts
Shoals:3: 2949 daAuts
     D:9: 2922 daAuts
Vaults:1: 2781 daAuts
    D:10: 2653 daAuts
  Lair:2: 2629 daAuts
  Lair:1: 2618 daAuts
  Lair:3: 2614 daAuts
     D:6: 2562 daAuts
   Zot:1: 2458 daAuts
Depths:2: 2450 daAuts
Shoals:2: 2347 daAuts
